 Dungeon Crawl Stone Soup version 0.25-a0-464-g3004169 (webtiles) character file.

Game seed: 5841343262851145401, levelgen mode: deterministic

2 Coldstonesans the Scratcher (level 1, 0/9 HPs)
             Began as a Felid Transmuter on Feb 5, 2020.
             Hit by a stone thrown by a kobold (2 damage)
             ... on level 1 of the Dungeon.
             The game lasted 00:00:13 (18 turns).

Coldstonesans the Scratcher (Felid Transmuter)        Turns: 18, Time: 00:00:14

Health: 0/9        AC:  1    Str:  6    XL:     1   Next: 25%
Magic:  4/4        EV: 18    Int: 14    God:
Gold:   0          SH:  0    Dex: 16    Spells: 3/4 levels left
                                        Lives:  0   Deaths: 0

rFire    . . .     SeeInvis +     - Unarmed
rCold    . . .     Gourm    .   (shield unavailable)
rNeg     . . .     Faith    .   (armour unavailable)
rPois    .         Spirit   .   (helmet unavailable)
rElec    .         Reflect  .   (cloak unavailable)
rCorr    .         Harm     .   (gloves unavailable)
MR       .....                  (boots unavailable)
Stlth    ++........             (no amulet)
HPRegen  0.03/turn              (no ring)
MPRegen  0.09/turn              (no ring)

@: appendage (expiring), quick
A: very small, no armour, no weapons or thrown items, stealth, claws 1, fangs 3,
horns 2, see invisible, carnivore, speed 1, shaggy fur 1, slow metabolism 1,
sharp paws
a: End Transformation


You were on level 1 of the Dungeon.
You were not hungry.
You had grown temporary horns.
You visited 1 branch of the dungeon, and saw 1 of its levels.

Inventory:

Missiles
 a - 12 arrows
Comestibles
 c - a ration


   Skills:
 - Level 1.0 Fighting
 * Level 2.8 Dodging
 + Level 3.0 Unarmed Combat
 + Level 2.0 Spellcasting
 + Level 2.2 Transmutations


You had 3 spell levels left.
You knew the following spells:

 Your Spells              Type           Power        Failure   Level  Hunger
a - Beastly Appendage     Tmut           #.....       10%         1    ##.....

Your spell library contained the following spells:

 Spells                   Type           Power        Failure   Level  Hunger
 Sticks to Snakes         Tmut           #.......     14%         2    ###....
 Spider Form              Tmut/Pois      #.........   41%         3    ####...
 Ice Form                 Ice/Tmut       #.......     83%         4    #####..
 Blade Hands              Tmut           #.........   95%         5    ######.


Dungeon Overview and Level Annotations

Branches:
Dungeon (1/15)

Altars:


Innate Abilities, Weirdness & Mutations

You cannot wear armour.
You are incapable of wielding weapons or throwing items.
Your paws allow you to move quietly. (Stealth)
You have sharp claws.
You have razor-sharp teeth.
You have supernaturally acute eyesight. (SInv)
You are carnivorous and can eat meat at any time.
You cover ground quickly.
You are covered in fur. (AC +1)
You have a slow metabolism.
Your sharp claws are effective at attacking unaware monsters.
You have a pair of horns on your head.


Message History

The kobold throws a stone.
The stone barely misses you.
Your transformation is almost over.
A kobold comes into view.
You closely miss the goblin.
The kobold shouts!
The kobold hits you. The goblin completely misses you.
You scratch the goblin.
You kill the goblin!
The kobold closely misses you. The bat closely misses you.
The kobold throws a stone.
The stone closely misses you.
You closely miss the kobold. Your headbutt misses the kobold. The bat hits you.
The kobold hits you.
You are too injured to fight recklessly!
Unknown command.
The kobold throws a stone.
The stone hits you.
* * * LOW HITPOINT WARNING * * *
The kobold throws a stone.
The stone closely misses you.
You see here a stone.
The bat barely misses you.
The kobold throws a stone.
The stone hits you.
You die...

######## #...#..
#<#.#.# .#
####.#.####..
#.........#.####
#.##...##.#.... #
#...# ..####.
####...####.......
......(.@b.(.K...#
.?(.(....(.K.....#
.###.......K.......
....#.........(...
$####.#...$.......
. ...#..##.......
.####..# .###..# .
#... .# ..# .... ##
..


You could see a bat and 3 kobolds.

Vanquished Creatures
  A goblin (D:1)
  A frilled lizard (D:1)
2 creatures vanquished.

Notes
Turn   | Place    | Note
-------+----------+-------------------------------------------
     0 | D:1      | Coldstonesans the Felid Transmuter began the quest for the
                  | Orb.
     0 | D:1      | Reached XP level 1. HP: 9/9 MP: 4/4
    18 | D:1      | Hit by a stone thrown by a kobold

Levels and vault maps discovered:
D:1:      onia_arrival_mini_spirals, layout_rooms

Action                   || total
-------------------------++-------
Melee: Unarmed           ||     4
 Cast: Beastly Appendage ||     1
Dodge: Dodged            ||     7

Table legend:
 A = Non-vault XP
 B = Vault XP
 C = Vault XP percentage of total XP
 D = Non-vault monster count
 E = Vault monster count
 F = Vault count percentage of total count
                 A         B        C        D         E       F
            +---------+---------+-------+---------+---------+-------
      Total |       3 |       0 |   0.0 |       2 |       0 |   0.0
            +---------+---------+-------+---------+---------+-------
        D:1 |       3 |       0 |   0.0 |       2 |       0 |   0.0
            +---------+---------+-------+---------+---------+-------
